 Dungeon Crawl Stone Soup version 0.26-a0-1205-g4083c211ab (webtiles) character file.

Game seed: 16823289134338759170

143 jestyr24 the Chopper (level 5, -6/47 HPs)
             Began as a Minotaur Monk on Dec 29, 2020.
             Mangled by a gnoll
             ... wielding a +0 halberd
              (14 damage)
             ... on level 3 of the Dungeon on Dec 30, 2020.
             The game lasted 00:04:49 (1575 turns).

jestyr24 the Chopper (Minotaur Monk)                Turns: 1575, Time: 00:04:50

Health: -6/47      AC:  5    Str: 17    XL:     5   Next: 4%
Magic:  4/4        EV: 13    Int:  7    God:
Gold:   36         SH:  0    Dex: 12    Spells: 4/4 levels left

rFire    + . .     SeeInvis .   a - +0 hand axe
rCold    . . .     Faith    .   (no shield)
rNeg     . . .     Spirit   .   m - +2 leather armour {rF+}
rPois    .         Reflect  .   (helmet restricted)
rElec    .         Harm     .   (no cloak)
rCorr    .         Rampage  .   (no gloves)
Will     .....                  (no boots)
Stlth    ++........             (no amulet)
HPRegen  0.15/turn              (no ring)
MPRegen  0.09/turn              (no ring)

@: no status effects
A: retaliatory headbutt, horns 2
a: no special abilities


You were on level 3 of the Dungeon.
You visited 1 branch of the dungeon, and saw 3 of its levels.

You collected 36 gold pieces.

Inventory:

Hand Weapons
 a - a +0 hand axe (weapon)
 h - a +0 hand axe
 l - a +0 spear
Missiles
 p - 24 sling bullets
 q - a stone (quivered)
Armour
 b - a +0 robe
 k - a +0 leather armour
 m - a +2 leather armour of fire resistance (worn)
 o - a +0 chain mail
Scrolls
 d - a scroll of noise {unknown}
 f - 2 scrolls of teleportation {unknown}
 j - a scroll of identify {unknown}
 r - a scroll of remove curse {unknown}
Potions
 c - a potion of curing {unknown}
 e - 2 potions of might {unknown}
 g - a potion of flight {unknown}
 i - a potion of experience {unknown}
 n - a potion of degeneration {unknown}
 s - a potion of magic {unknown}


   Skills:
 + Level 4.6 Fighting
 + Level 5.1 Axes
 + Level 0.2 Armour
 + Level 4.2 Dodging
 + Level 2.2 Stealth


You had 4 spell levels left.
You didn't know any spells.
Your spell library was empty.

Dungeon Overview and Level Annotations

Branches:
Dungeon (3/15)

Altars:
Sif Muna


Innate Abilities, Weirdness & Mutations

You reflexively headbutt those who attack you in melee.
You have a pair of horns on your head.


Message History

The gnoll misses you.
The gnoll hits you from afar with a +0 halberd!
You closely miss the gnoll.
A kobold comes into view. It is wielding a +0 dagger.
The gnoll hits you with a +0 halberd!
The kobold shouts!
You hit the gnoll. You headbutt the gnoll.
The gnoll is moderately wounded.
The gnoll closely misses you. x2
The gnoll barely misses you. The gnoll barely misses you.
You hit the gnoll.
The gnoll is moderately wounded.
The gnoll hits you with a +0 halberd!
* * * LOW HITPOINT WARNING * * *
The gnoll hits you but does no damage.
You completely miss the gnoll.
The gnoll is moderately wounded.
The gnoll hits you with a +0 halberd!
You die...

.# K# #+# .#
#.#### .. #.#.. .#
##.#.# .#
#####....####.##.#
.........@ggK....#
####..).####.####
##.#^# .# #.#...
.# #.##### ## #.#
#.# #####.###
#.......#


You could see 2 gnolls and a kobold.

Vanquished Creatures
  Terence (D:2)
  7 adders (D:2)
  2 gnolls
  A ball python (D:2)
  5 giant cockroaches
  2 goblins (D:1)
  4 hobgoblins
  4 jackals (D:1)
  2 kobolds (D:2)
  6 bats
  3 frilled lizards
  2 rats (D:1)
39 creatures vanquished.

Notes
Turn   | Place    | Note
-------+----------+-------------------------------------------
     0 | D:1      | jestyr24 the Minotaur Monk began the quest for the Orb.
     0 | D:1      | Reached XP level 1. HP: 19/19 MP: 0/0
   178 | D:1      | Reached XP level 2. HP: 27/27 MP: 1/1
   185 | D:1      | Reached skill level 4 in Axes
   367 | D:1      | Reached XP level 3. HP: 29/33 MP: 2/2
  1101 | D:2      | Reached XP level 4. HP: 40/41 MP: 3/3
  1173 | D:2      | Noticed Terence
  1186 | D:2      | Killed Terence
  1359 | D:2      | Reached skill level 5 in Axes
  1427 | D:2      | Found a shimmering blue altar of Sif Muna.
  1563 | D:3      | Reached XP level 5. HP: 39/47 MP: 4/4
  1575 | D:3      | Mangled by a gnoll

Illustrated notes

Levels and vault maps discovered:
D:1:      beargit_arrival_greenhouse, layout_basic, minmay_misc_feat_tiny
D:2:      layout_rooms, led_sif_pool, uniq_terence
D:3:      layout_loops_corners

Skill      XL: |  1  2  3  4 |
---------------+-------------+-----
Axes           | 4 5 |  5.1
Fighting       | 4 |  4.6
Stealth        | 2 |  2.2
Dodging        | 4 |  4.2
Armour         | |  0.2

Action                   |  1- 3 |  4- 6 || total
-------------------------+-------+-------++-------
Melee: Hand axe          |    56 |    43 ||    99
       Headbutt          |     9 |     7 ||    16
 Stab: Sleeping          |     2 |     1 ||     3
Armor: Robe              |    15 |     1 ||    16
       Leather armour    |       |    10 ||    10
Dodge: Dodged            |    57 |    31 ||    88

Table legend: (Time is in decaauts)
 A = Elapsed time spent in this place.
 B = Non-inter-level travel time spent in this place.
 C = Inter-level travel time spent in this place.
 D = Time resting spent in this place.
 E = Time spent auto-exploring this place.
 F = Levels seen in this place.
 G = Mean time per level.
                   A        B        C        D        E       F      G
               +--------+--------+--------+--------+--------+-----+--------+
         Total |   1583 |   1539 |     44 |    458 |    621 |   3 |  527.7 |
       Dungeon |   1583 |   1539 |     44 |    458 |    621 |   3 |  527.7 |
               +--------+--------+--------+--------+--------+-----+--------+

Top non-repeatable levels by time:
     D:2: 978 daAuts
     D:1: 572 daAuts
     D:3: 32 daAuts
